 Dungeon Crawl Stone Soup version 0.30-a0-652-gcc886f7154 (webtiles) character file.

Game seed: 2703505399422125574

242 Newt the Skirmisher (level 6, 0/38 HPs)
             Began as a Kobold Hunter on Jan 17, 2023.
             Slain by an ogre
             ... wielding a +0 giant club
              (20 damage)
             ... on level 4 of the Dungeon.
             The game lasted 00:02:49 (3606 turns).

Newt the Skirmisher (Kobold Hunter)                 Turns: 3606, Time: 00:02:50

Health: 0/38       AC:  4    Str:  8    XL:     6   Next: 30%
Magic:  0/6        EV: 14    Int: 11    God:
Gold:   1177       SH:  0    Dex: 20    Spells: 5/5 levels left

rFire   . . .      SeeInvis .    a - +0 shortbow
rCold   . . .      Faith    .    (shield currently unavailable)
rNeg    . . .      Spirit   +    c - +1 leather armour
rPois   .          Reflect  .    (no helmet)
rElec   .          Harm     .    (no cloak)
rCorr   .          Rampage  .    (no gloves)
Will    .....                    (no boots)
Stlth   +++                      r - amulet of guardian spirit
HPRegen 0.26/turn                (no ring)
MPRegen 0.10/turn                (no ring)

@: no status effects
A: small, no large weapons, nightstalker 3
a: no special abilities


You were on level 4 of the Dungeon.
You visited 1 branch of the dungeon, and saw 4 of its levels.

You collected 1177 gold pieces.

Inventory:

Hand Weapons
 a - a +0 shortbow (weapon)
Armour
 c - a +1 leather armour (worn)
Jewellery
 r - an amulet of guardian spirit (around neck)
Wands
 o - a wand of charming (11)
 p - a wand of roots (13)
 s - a wand of quicksilver (4)
Scrolls
 b - a scroll of immolation
 d - a scroll of identify
 e - a scroll of summoning {unknown}
 h - 3 scrolls of teleportation
 i - a scroll of enchant armour
 l - 2 scrolls of fog
 q - a scroll of amnesia
Potions
 f - 2 potions of lignification
 g - 2 potions of brilliance
 j - a potion of attraction
 k - 3 potions of curing {unknown}
 m - a potion of heal wounds {unknown}
 n - a potion of magic {unknown}


   Skills:
 - Level 4.0 Fighting
 + Level 8.1 Ranged Weapons
 - Level 2.4 Dodging
 - Level 3.0 Stealth


You had 5 spell levels left.
You didn't know any spells.
Your spell library contained the following spells:

 Spells                   Type           Power      Damage    Failure   Level
 Freeze                   Ice            0%         1d3       45%         1
 Frozen Ramparts          Ice            0%         1d1       83%         3
 Hailstorm                Conj/Ice       0%         3d3       83%         3


Dungeon Overview and Level Annotations

Branches:
Dungeon (4/15)
 Temple: D:4-7

Altars:
Qazlal


Innate Abilities, Weirdness & Mutations

You are small and have problems with some larger weapons.
You are completely attuned to the shadows.


Message History

You shoot an arrow. The arrow hits the ogre.
The ogre is lightly wounded.
The ogre misses you.
You shoot an arrow. The arrow hits the ogre!
The ogre is heavily wounded.
The ogre hits you with a +0 giant club!!
Ouch! That really hurt!
You are too injured to fight recklessly!
You are too injured to fight recklessly!
You are too injured to fight recklessly!
You are too injured to fight recklessly!
You are too injured to fight recklessly!
You are too injured to fight recklessly!
You are too injured to fight recklessly!
You are too injured to fight recklessly!
You are too injured to fight recklessly!
You are too injured to fight recklessly!
You are too injured to fight recklessly!
You are too injured to fight recklessly!
You are too injured to fight recklessly!
You are too injured to fight recklessly!
You are too injured to fight recklessly!
You are too injured to fight recklessly!
You are too injured to fight recklessly!
You are too injured to fight recklessly!
You are too injured to fight recklessly!
You are too injured to fight recklessly!
You are too injured to fight recklessly!
Unknown command.
You shoot an arrow. The arrow hits the ogre.
The ogre is severely wounded.
The ogre barely misses you.
You shoot an arrow.
The arrow hits the ogre but does no damage.
The ogre is severely wounded.
You shoot an arrow. The arrow hits the ogre.
The ogre is almost dead.
The ogre hits you with a +0 giant club!!
Ouch! That really hurt!
You die...

.###.# .....#
.##..# .. #..####
#.###.....# ###
...○#..##.# ..
....#..##.##### .#
._............###O#
#######
....#..##†###...@#
#.#.....####
...§#.###.# #.####≈
#....#..... #.###.#
#.# #..##≈.
##.#.######
....#.###.###..)...
.#.#.#
##.............†...
..#...#
#..>.###.##...'...
..#...# #.####
#.....###≈. ##.#)#
...# ####[.## ≈
#.#.## .## ##... ##
####....###


You could see an ogre.

Vanquished Creatures
  A hound (D:3)
  An iguana (D:4)
  9 adders
  2 worms (D:2)
  5 dart slugs
  5 orcs
  10 ball pythons
  7 endoplasms
  2 giant cockroaches
  3 goblins
  5 hobgoblins
  6 jackals
  7 quokkas
  5 bats
  7 frilled lizards
  6 kobolds
  5 rats
86 creatures vanquished.

Notes
Turn   | Place    | Note
-------+----------+-------------------------------------------
     0 | D:1      | Newt the Kobold Hunter began the quest for the Orb.
     0 | D:1      | Reached XP level 1. HP: 12/12 MP: 1/1
   167 | D:1      | Reached XP level 2. HP: 17/17 MP: 2/2
   366 | D:1      | Reached XP level 3. HP: 22/22 MP: 3/3
  1627 | D:2      | Reached XP level 4. HP: 29/29 MP: 4/4
  1996 | D:2      | Reached skill level 6 in Ranged Weapons
  2100 | D:2      | Found a faded altar of an unknown god.
  2239 | D:2      | Reached XP level 5. HP: 33/33 MP: 5/5
  2885 | D:3      | Reached skill level 7 in Ranged Weapons
  3203 | D:4      | Reached XP level 6. HP: 31/38 MP: 6/6
  3270 | D:4      | Identified a scroll of acquirement
  3270 | D:4      | Acquired 995 gold pieces
  3548 | D:4      | Found a stormy altar of Qazlal.
  3571 | D:4      | Reached skill level 8 in Ranged Weapons
  3599 | D:4      | Noticed an ogre
  3606 | D:4      | Slain by an ogre

Illustrated notes

Levels and vault maps discovered:
D:1:      lemuel_arrival_hallway, layout_basic
D:2:      layout_basic, hellmonk_ecumenical_altar_defaced_shrine
D:3:      kennysheep_six_static_rooms, layout_rooms
D:4:      layout_loops_ring, grunt_qazlal_clouds,
          nicolae_kikubaaqudgha_miasma_corner, minitemple,
          kennysheep_windowed_goal

Skill      XL: |  1  2  3  4  5  6 |
---------------+-------------------+-----
Stealth        | 2 3 |  3.0
Fighting       | 3 4 |  4.0
Ranged Weapons | 6 7 8 |  8.1
Dodging        | |  2.4

Action                   |  1- 3 |  4- 6 || total
-------------------------+-------+-------++-------
 Fire: Shortbow          |   102 |   138 ||   240
  Use: Scroll            |     4 |     8 ||    12
       Potion            |     1 |       ||     1
Armor: Leather armour    |    12 |    12 ||    24
       Skin              |    19 |       ||    19
Dodge: Dodged            |    26 |    46 ||    72

Table legend: (Time is in decaauts)
 A = Elapsed time spent in this place.
 B = Non-inter-level travel time spent in this place.
 C = Inter-level travel time spent in this place.
 D = Time resting spent in this place.
 E = Time spent auto-exploring this place.
 F = Levels seen in this place.
 G = Mean time per level.
                   A        B        C        D        E       F      G
               +--------+--------+--------+--------+--------+-----+--------+
         Total |   3665 |   3586 |     79 |    313 |   2810 |   4 |  916.2 |
       Dungeon |   3665 |   3586 |     79 |    313 |   2810 |   4 |  916.2 |
               +--------+--------+--------+--------+--------+-----+--------+

Top non-repeatable levels by time:
     D:2: 1338 daAuts
     D:1: 1173 daAuts
     D:3: 600 daAuts
     D:4: 553 daAuts
